ZaZZA, lawful female human Valkyrie $ $ * $ * $ * $ $* $ ( -. $ --.- $ $ --..-- $ ... . |....| ...-.-- ---.|.--- * -..$... |...|...| ? $ ---- |....|.--|.-----.--- # |..|---....|...|.-- |...||.. $ ##-..|....|....|.|..| --..--..- |....*>...|-...|....| --.....| *|........--|.....|.-- |.....-- * |.......##a@-..*.|-- --...*.- ( ----.#...-a ##..-- * |....... ! ( --|....|*#---- $ ---<... $$ --..-- ** *$ ---- $ --- * ZaZZA the Fighter Experience level: 6 Strength: 16 Dexterity: 13 Constitution: 15 Intelligence: 10 Wisdom: 9 Charisma: 9 Health: 0(57) Energy: 19(19) Def: 11 Gold: 257 Moves: 3597 Dungeon seed: OiDSwMiRLYedhwMe Game ID: ZaZZA_1525943871 Your Inventory: Coins $ - 257 gold pieces Weapons a - a thoroughly rusty +1 long sword (weapon in hand) i - 12 +0 darts p - a +0 aklys u - a +0 elven broadsword D - 8 +0 daggers E - a +0 aklys T - a +0 axe Armor e - an uncursed +3 small shield (being worn) n - a cursed +0 cloak of protection (being worn) V - a cursed +0 dwarvish iron helm (being worn) X - an uncursed +0 pair of iron shoes (being worn) Comestibles c - an uncursed partly eaten food ration v - an uncursed cram ration A - 2 uncursed slime molds Spellbooks x - an uncursed spellbook of sleep y - an uncursed spellbook of force bolt Rings s - a cursed ring of teleportation Tools l - 6 uncursed tallow candles (0:200) o - an uncursed leash I - an uncursed partly used wax candle (lit) (0:43) Q - 2 blessed partly used wax candles (lit) (0:41) Gems h - 2 uncursed worthless pieces of yellowish brown glass q - an uncursed amethyst stone r - an uncursed fluorite stone N - 2 uncursed worthless pieces of green glass Spells and supernatural/magical abilities: Name Level Category Fail Memory W - pray for help -- divine ? -- Your skills at the end: Fighting Skills Weapon Skills dagger [Basic] long sword [Basic] Spellcasting Skills Final Attributes: You were piously aligned. You were cold resistant. You were stealthy. You were levitating. You were protected. You are dead. Vanquished creatures: a small mimic 2 human zombies 2 Woodland-elves an orc shaman 6 gnome lords 2 gnomish wizards a giant ant 2 dwarves a giant bat an orc zombie a hobbit 4 manes a large kobold a giant rat 2 cave spiders a yellow mold 16 gnomes 9 garter snakes a gnome zombie 3 geckos 6 jackals a fox 3 kobolds a goblin 3 sewer rats 4 grid bugs 2 lichens 10 newts 88 creatures vanquished. Voluntary challenges: You had been an atheist until turn 3547. You used a wielded weapon 110 times, starting on turn 145. You were illiterate. You never genocided any monsters. You never polymorphed an object. You never changed form. You used no wishes. You never split a pudding. You never wrote Elbereth's name. You never violated your personal moral code. Dungeon overview: The Dungeons of Doom: levels 1 to 4 Level 1 a fountain a long staircase Level 2 a general store, a fountain Level 3 a fountain Level 4 stairs to The Gnomish Mines The Gnomish Mines: levels 5 to 7 Level 5 stairs to The Dungeons of Doom Level 6 <- You were here Level 7 a delicatessen History has recorded: On T:1 you entered the Dungeons of Doom to retrieve the Amulet of Yendor! On T:537 you advanced to experience level 2. On T:578 you reached level 2 of The Dungeons of Doom. On T:1026 you reached level 3 of The Dungeons of Doom. On T:1346 you advanced to experience level 3. On T:1859 you reached level 4 of The Dungeons of Doom. On T:2437 you advanced to experience level 4. On T:2489 you reached level 1 of The Gnomish Mines. On T:2724 you advanced to experience level 5. On T:2941 you reached level 2 of The Gnomish Mines. On T:3185 you reached level 3 of The Gnomish Mines. On T:3221 you advanced to experience level 6. Score breakdown: Gold: 257 ( 8203 points) Experience: 6 levels (12456 points) Exploration: 7 levels ( 13.73%) (10392 points) Discoveries: 6 items ( 2.44%) ( 4685 points) Valuables value: (no points given unless you survive) Artifact value: 0 ( 0 points) Variety of kills: 28 monsters ( 7.35%) ( 8132 points) Turncount: 3597 turns ( -868 points) Survival: died (score multiplied by 80%) Total score: 34400 Latest messages: You start to float in the air! The giant ant bites! (2x) Yecch! This stuff tastes like poison. You feel very sick. Valkyrie, your life force is running out. The giant ant misses. (2x) The giant ant bites! The giant ant just misses! That was smooth! The giant ant misses. The giant ant bites! You are carrying too much to get through. That food really hit the spot! You stop eating. The giant ant bites! You die... Final status: Farvel ZaZZA the Valkyrie, killed by a giant ant... You died in The Gnomish Mines on dungeon level 6 with 34400 points, and 257 pieces of gold, after 3597 moves. You were level 6 with a maximum of 57 hit points when you died.